[Event "Titled Tuesday Blitz February 07 Late 2023"]
[White "Baskakov, Egor"]
[Black "Perske, Thore"]
[WhiteFideId "24197866"]
[BlackFideId "12902195"]
[WhiteElo "2215"]
[BlackElo "2448"]
[Result "1-0"]
[Round "08"]
[TimeControl "180+2"]
[Date "2023.02.07"]
[WhiteClock "0:01:17"]
[BlackClock "0:00:13"]

1. e4 e6 2. Nc3 d5 3. g3 Nf6 4. Bg2 Be7 5. Nge2 O-O 6. d4 b6 7. O-O Bb7 8. e5 Nfd7 9. f4 c5 10. Be3 Nc6 11. Qd2 f5 12. exf6 Nxf6 13. Kh1 Ng4 14. Bg1 Qd7 15. Rae1 Rae8 16. f5 exf5 17. dxc5 Bxc5 18. Bxc5 bxc5 19. Qxd5+ Qxd5 20. Nxd5 Nce5 21. b3 g6 22. Nef4 Kg7 23. Nc7 Bxg2+ 24. Kxg2 Re7 25. Nce6+ Rxe6 26. Nxe6+ Kf6 27. Nxf8 1-0


[Site "https://www.chess.com"]

[Event "Titled Tuesday Blitz February 07 Late 2023"]
[White "Darini, Pouria"]
[Black "Jones, Gawain C B"]
[WhiteFideId "12502200"]
[BlackFideId "409561"]
[WhiteElo "2401"]
[BlackElo "2618"]
[Result "1-0"]
[Round "08"]
[TimeControl "180+2"]
[Date "2023.02.07"]
[WhiteClock "0:01:26"]
[BlackClock "0:01:07"]

1. e4 c6 2. Nc3 d5 3. Nf3 dxe4 4. Nxe4 Nf6 5. Qe2 Nxe4 6. Qxe4 Nd7 7. Bc4 Nf6 8. Qe2 e6 9. O-O Qc7 10. d4 Bd6 11. Re1 O-O 12. Bg5 b5 13. Bd3 Nd5 14. Qe4 f5 15. Qh4 Nb4 16. Rad1 Nxd3 17. Rxd3 c5 18. dxc5 Qxc5 19. Red1 Bc7 20. Be7 Qc4 21. Rd4 Qxc2 22. Bxf8 Kxf8 23. Rd8+ Kf7 24. Qh5+ 1-0


[Site "https://www.chess.com"]

[Event "Titled Tuesday Blitz February 07 Late 2023"]
[White "Tan, Zhongyi"]
[Black "Pichot, Alan"]
[WhiteFideId "8603642"]
[BlackFideId "110973"]
[WhiteElo "2517"]
[BlackElo "2638"]
[Result "0-1"]
[Round "08"]
[TimeControl "180+2"]
[Date "2023.02.07"]
[WhiteClock "0:00:03"]
[BlackClock "0:00:19"]

1. d4 d5 2. c4 e6 3. Nf3 c6 4. Nc3 dxc4 5. a4 Nf6 6. e3 Nbd7 7. Bxc4 Bd6 8. O-O O-O 9. h3 e5 10. Ba2 a5 11. Qc2 Qe7 12. Re1 e4 13. Ng5 Bb4 14. Rd1 Bxc3 15. bxc3 h6 16. Ba3 c5 17. Nxf7 Rxf7 18. dxc5 Ne5 19. c6 Qe8 20. Bxf7+ Qxf7 21. Rd8+ Kh7 22. Rf8 Qg6 23. f4 exf3 24. Qxg6+ Nxg6 25. cxb7 Bxb7 26. Rxa8 Bxa8 27. gxf3 Bxf3 28. Rb1 Nd5 29. Rb5 Nxc3 30. Rxa5 Bd1 31. Bb2 Nxa4 32. Bd4 Nh4 33. Kf2 Bc2 34. Ra7 Nf5 35. Ba1 Nc5 36. Rc7 Ne4+ 37. Ke2 Ba4 38. Kf3 Ng5+ 39. Ke2 Bb5+ 40. Kd2 Ne6 41. Rb7 Nd6 42. Ra7 Ne4+ 43. Ke1 Kg6 44. Be5 N4g5 45. Ra5 Nf3+ 46. Kd1 Nxe5 47. Rxb5 Kf6 48. Ke2 Ng5 49. h4 Ne4 50. Rb6+ Kf5 51. Rb7 g6 52. Rb6 h5 53. Rb8 Kg4 54. Re8 Ng3+ 55. Kf2 Nf3 56. Rf8 Ne4+ 57. Ke2 Ng1+ 58. Kf1 Nh3 59. Re8 Nhf2 60. Re6 Kf5 61. Re8 Ng4 62. Rf8+ Nef6 63. Ke2 Ke4 64. Re8+ Nxe8 0-1


[Site "https://www.chess.com"]

[Event "Titled Tuesday Blitz February 07 Late 2023"]
[White "Ozen, Bahadir"]
[Black "Maksimovic, Bojan"]
[WhiteFideId "6337058"]
[BlackFideId "14408120"]
[WhiteElo "2369"]
[BlackElo "2486"]
[Result "0-1"]
[Round "08"]
[TimeControl "180+2"]
[Date "2023.02.07"]
[WhiteClock "0:00:03"]
[BlackClock "0:00:09"]

1. g3 g6 2. Bg2 Bg7 3. e3 d6 4. Ne2 Nc6 5. d3 Bd7 6. h3 h5 7. Nd2 Nf6 8. a3 e5 9. b4 Qc8 10. Bb2 O-O 11. Kf1 Nd8 12. Qb1 Ne6 13. Nf3 a5 14. Kg1 Bc6 15. Kh2 Qd7 16. c4 e4 17. dxe4 Bxe4 18. Qc1 Bd3 19. Re1 axb4 20. axb4 Rxa1 21. Bxa1 Bxe2 22. Rxe2 Ne8 23. Ra2 Bxa1 24. Qxa1 N8g7 25. Ra7 c6 26. h4 Rb8 27. Bh3 Qd8 28. Kg2 Qb6 29. Ra8 Qd8 30. Ra7 Qb6 31. Qa3 f5 32. Kg1 Kh7 33. Bf1 Kg8 34. Be2 Qc7 35. Bd1 Kh8 36. Bb3 Qe7 37. Qa1 Kh7 38. Kg2 Qd7 39. Qf6 Qd8 40. Qxd8 Nxd8 41. Ng5+ Kh8 42. c5 d5 43. Kf3 Nge6 44. Nh3 Kg7 45. Ke2 Kf6 46. Kd3 Nf7 47. f4 Nc7 48. Ng1 Nb5 49. Ra1 Re8 50. Nf3 Re4 51. Ba4 Rxb4 52. Bxb5 Rxb5 53. Ra7 Nd8 54. Ra8 Ne6 55. Ne5 Nxc5+ 56. Kd4 Ne6+ 57. Kc3 c5 58. Rg8 d4+ 59. exd4 cxd4+ 60. Kc2 Rc5+ 61. Kd2 Rc3 62. Rxg6+ Ke7 63. Rh6 Nc5 64. Rxh5 Ne4+ 65. Kd1 Nxg3 66. Rg5 Ne4 67. Rxf5 Ke6 68. Rh5 d3 69. Nxd3 Rxd3+ 70. Kc2 Re3 71. Rb5 Nd6 72. f5+ Kf6 73. Rb6 Ke5 74. f6 Rf3 75. h5 Rxf6 76. Rb3 Rh6 77. Rh3 Nf5 78. Kc3 Nd6 79. Kb4 Kd5 80. Ka5 Kc5 81. Rc3+ Nc4+ 82. Ka4 b5+ 83. Kb3 Rxh5 84. Rg3 Re5 85. Kc2 Re3 86. Rg2 Kb4 87. Kd1 Rd3+ 88. Kc1 Rc3+ 89. Kb1 Rb3+ 90. Ka1 Ra3+ 91. Kb1 Re3 92. Ka1 Kc3 93. Rg1 b4 94. Rb1 b3 95. Rc1+ Kb4 96. Kb1 Na3+ 97. Ka1 Nc4 98. Kb1 Re2 99. Rd1 Na3+ 100. Ka1 Ra2# 0-1


[Site "https://www.chess.com"]

[Event "Titled Tuesday Blitz February 07 Late 2023"]
[White "Boros, Denes"]
[Black "UnknownMagician"]
[WhiteFideId "722340"]
[WhiteElo "2406"]
[BlackElo "2696"]
[Result "1-0"]
[Round "08"]
[TimeControl "180+2"]
[Date "2023.02.07"]
[WhiteClock "0:00:09"]
[BlackClock "0:00:06"]

1. e4 c6 2. Nf3 d5 3. e5 Bf5 4. Nh4 Bc8 5. d4 c5 6. dxc5 Nc6 7. Nf3 Bg4 8. c3 e6 9. b4 Bxf3 10. Qxf3 Nxe5 11. Bb5+ Nc6 12. O-O Nf6 13. c4 Be7 14. Nc3 O-O 15. cxd5 Nxd5 16. Nxd5 Qxd5 17. Qxd5 exd5 18. Bd2 a5 19. Bxc6 bxc6 20. bxa5 Bd8 21. a4 Bxa5 22. Bf4 Rfe8 23. Rfb1 h6 24. g3 Re4 25. Ra2 Rc4 26. Bd6 d4 27. Rd1 Bc3 28. Re2 Rcxa4 29. Kg2 Ra2 30. Re7 Rc2 31. g4 Raa2 32. Bg3 Rd2 33. Rb1 Rab2 34. Ra1 Ra2 35. Rb1 Rdb2 36. Rd1 Rb5 37. Re5 Raa5 38. Re8+ Kh7 39. Bd6 Ra2 40. h4 Rbb2 41. Bg3 Rd2 42. Rb1 Rab2 43. Ra1 Rb5 44. Raa8 Kg6 45. Re5 f6 46. h5+ Kf7 47. Re4 Rb7 48. Bd6 Rd7 49. Rf8# 1-0


[Site "https://www.chess.com"]

[Event "Titled Tuesday Blitz February 07 Late 2023"]
[White "Taspinar, Yanki"]
[Black "Mikaelyan, Arman"]
[WhiteFideId "34561188"]
[BlackFideId "13304852"]
[WhiteElo "2262"]
[BlackElo "2523"]
[Result "0-1"]
[Round "08"]
[TimeControl "180+2"]
[Date "2023.02.07"]
[WhiteClock "0:00:01"]
[BlackClock "0:00:40"]

1. Nf3 b5 2. g3 Bb7 3. Bg2 Nf6 4. O-O e6 5. d4 c5 6. b3 cxd4 7. Qxd4 Nc6 8. Qd3 a6 9. Bb2 Rc8 10. a3 Be7 11. Rd1 O-O 12. Nbd2 d5 13. Rac1 h6 14. e3 Qb6 15. Nd4 Rfd8 16. N2f3 Ne4 17. Nxc6 Bxc6 18. Ne5 Bb7 19. Qd4 Qxd4 20. exd4 Bg5 21. f4 Be7 22. Re1 a5 23. Nd3 b4 24. axb4 axb4 25. Nf2 Nc3 26. Ra1 Nb5 27. Ra5 Na3 28. c3 Nc2 29. Rc1 bxc3 30. Rxc2 cxb2 31. Rxb2 Rc1+ 32. Bf1 Ra8 33. Rxa8+ Bxa8 34. Nd3 Ra1 35. b4 Bf6 36. Ne5 Bd8 37. Kf2 Bb6 38. Nf3 f6 39. Be2 Kf7 40. Rc2 Bb7 41. Kg2 g5 42. b5 g4 0-1


[Site "https://www.chess.com"]

[Event "Titled Tuesday Blitz February 07 Late 2023"]
[White "Preotu, Razvan"]
[Black "Borges Feria, Yasel"]
[WhiteFideId "2613280"]
[BlackFideId "3504921"]
[WhiteElo "2475"]
[BlackElo "2439"]
[Result "1/2-1/2"]
[Round "08"]
[TimeControl "180+2"]
[Date "2023.02.07"]
[WhiteClock "0:00:03"]
[BlackClock "0:00:12"]

1. e4 e5 2. Nf3 Nc6 3. Bc4 Bc5 4. c3 Nf6 5. d3 a5 6. O-O d6 7. Re1 h6 8. Nbd2 O-O 9. Nf1 a4 10. Bb5 a3 11. b4 Bb6 12. Ne3 Ng4 13. Bc4 Nxe3 14. Bxe3 Bxe3 15. Rxe3 Be6 16. Bxe6 fxe6 17. Qb3 Qd7 18. Rd1 g5 19. h3 Qf7 20. b5 Ne7 21. d4 exd4 22. cxd4 Ng6 23. g3 e5 24. Qxf7+ Rxf7 25. dxe5 Nxe5 26. Nxe5 dxe5 27. Rd5 Re7 28. Rdd3 Ra5 29. b6 cxb6 30. Rxa3 Rxa3 31. Rxa3 Kf7 32. Rb3 Re6 33. Kg2 Kf6 34. Kf3 h5 35. Ke3 Rc6 36. a4 Ke6 37. Kf3 Kf6 38. Rb5 Ke6 39. h4 g4+ 40. Ke3 Kf6 41. Rd5 Rc3+ 42. Ke2 Rc4 43. Rd6+ Kf7 44. Rxb6 Rxe4+ 45. Kf1 Rxa4 46. Rxb7+ Kg6 47. Rb6+ Kg7 48. Re6 Ra5 49. Ke1 Kf7 50. Rh6 e4 51. Ke2 Rf5 52. Ke3 Kg7 53. Re6 Rf3+ 54. Ke2 Rf5 55. Rxe4 Ra5 56. Ke3 Kf6 57. Rd4 Ra3+ 58. Ke4 Ra6 59. Kf4 Kg6 60. Ke5 Rf6 61. Rd6 Rxd6 62. Kxd6 Kf5 63. Kd5 Kf6 64. Ke4 Ke6 65. Kf4 Kf6 66. f3 gxf3 67. Kxf3 Kf5 68. Ke3 Ke5 69. Kd3 Kd5 70. Ke2 Ke6 71. Kf2 Kf6 72. Kg2 Kg6 73. Kh2 Kf5 74. Kg2 Kg6 75. Kf2 Kf6 76. Ke3 Ke5 77. Kd3 Kd5 78. Ke3 Ke5 1/2-1/2


[Site "https://www.chess.com"]

[Event "Titled Tuesday Blitz February 07 Late 2023"]
[White "Kalogeris, Ioannis"]
[Black "Gadimbayli, Abdulla"]
[WhiteFideId "4239563"]
[BlackFideId "13404938"]
[WhiteElo "2423"]
[BlackElo "2500"]
[Result "0-1"]
[Round "08"]
[TimeControl "180+2"]
[Date "2023.02.07"]
[WhiteClock "0:00:09"]
[BlackClock "0:00:28"]

1. e4 e5 2. Nf3 d5 3. exd5 e4 4. Qe2 Nf6 5. Nc3 Be7 6. Nxe4 O-O 7. d3 Nxd5 8. Qd1 Re8 9. Be2 f5 10. Nc3 Nxc3 11. bxc3 Bf6 12. d4 Qe7 13. Be3 Kh8 14. Qd2 Bd7 15. Ne5 Bxe5 16. dxe5 Qxe5 17. Qd4 Nc6 18. Qxe5 Rxe5 19. O-O-O Be6 20. Bf3 Re8 21. a3 Bc4 22. Bxc6 bxc6 23. Rd4 Bd5 24. c4 Bxg2 25. Rg1 Be4 26. Rd7 R5e7 27. Rxe7 Rxe7 28. Bxa7 Kg8 29. a4 Re8 30. Bd4 g6 31. a5 Ra8 32. Bc3 Kf7 33. Rd1 Ke6 34. h4 h6 35. Rg1 f4 36. Kb2 Kf5 37. Kb3 g5 38. hxg5 hxg5 39. Kb4 Bxc2 40. f3 Bd3 41. Re1 Rb8+ 42. Kc5 Rb3 43. Bd4 Ra3 44. Re5+ Kg6 45. Kxc6 Bxc4 46. Rc5 Be2 47. Kxc7 Bxf3 48. Kb6 Be2 49. Rc6+ Kf5 50. Rc5+ Kg6 51. Rc6+ Kh5 52. Rc5 f3 53. Bf6 f2 54. Rxg5+ Kh6 55. Rf5 Rf3 0-1


[Site "https://www.chess.com"]

[Event "Titled Tuesday Blitz February 07 Late 2023"]
[White "Kosakowski, Jakub"]
[Black "Godzwon, Iwo"]
[WhiteFideId "1185080"]
[BlackFideId "21802483"]
[WhiteElo "2485"]
[BlackElo "2394"]
[Result "1-0"]
[Round "08"]
[TimeControl "180+2"]
[Date "2023.02.07"]
[WhiteClock "0:00:15"]
[BlackClock "0:00:07"]

1. Nf3 c5 2. e4 e6 3. d4 cxd4 4. Nxd4 Nc6 5. Nc3 Qc7 6. Be3 Nf6 7. f4 Bb4 8. Nb5 Qa5 9. e5 Nd5 10. Bd2 Nxc3 11. Bxc3 Bxc3+ 12. bxc3 O-O 13. Qd2 f6 14. exf6 Rxf6 15. Nd6 Ne7 16. g3 Nf5 17. Ne4 Rf8 18. Bd3 d5 19. Ng5 h6 20. Nf3 Bd7 21. Ne5 Be8 22. O-O Rc8 23. Rab1 b6 24. Qe2 Qxc3 25. Nf3 Nd4 26. Nxd4 Qxd4+ 27. Kg2 Bf7 28. Rbe1 Rfe8 29. Qg4 Qf6 30. Re5 Rc3 31. Rfe1 Rec8 32. R1e2 R3c6 33. h4 Rd8 34. h5 Rdd6 35. f5 Qe7 36. Rf2 Qg5 37. fxe6 Rxe6 38. Rxg5 1-0


[Site "https://www.chess.com"]

[Event "Titled Tuesday Blitz February 07 Late 2023"]
[White "Rosen, Eric"]
[Black "Bolourchifard, Farzad"]
[WhiteFideId "2032562"]
[BlackFideId "12510084"]
[WhiteElo "2349"]
[BlackElo "2292"]
[Result "0-1"]
[Round "08"]
[TimeControl "180+2"]
[Date "2023.02.07"]
[WhiteClock "0:00:12"]
[BlackClock "0:00:29"]

1. e4 e5 2. Nf3 Nc6 3. c3 d5 4. Qa4 Nf6 5. Nxe5 Bd6 6. Nxc6 bxc6 7. d3 O-O 8. Be2 Re8 9. Nd2 dxe4 10. Nxe4 Nxe4 11. dxe4 Qh4 12. Qxc6 Be6 13. Be3 Rad8 14. h3 Bd7 15. Qd5 Rxe4 16. O-O-O Be6 17. Qa5 Ra4 18. Bg5 Rxa5 19. Bxh4 Rb8 20. a3 Bf4+ 21. Kb1 Rxa3 22. Rd8+ Rxd8 23. Bxd8 Bf5+ 24. Bd3 Bxd3# 0-1


[Site "https://www.chess.com"]

[Event "Titled Tuesday Blitz February 07 Late 2023"]
[White "Ozates, Tuna"]
[Black "Timmermans, Mark"]
[WhiteFideId "6354521"]
[BlackFideId "1026399"]
[WhiteElo "2251"]
[BlackElo "2392"]
[Result "1-0"]
[Round "08"]
[TimeControl "180+2"]
[Date "2023.02.07"]
[WhiteClock "0:01:25"]
[BlackClock "0:01:20"]

1. e4 e5 2. Nf3 Nc6 3. Bc4 Nf6 4. d3 Be7 5. O-O O-O 6. Bb3 d6 7. c3 Kh8 8. Ng5 Qe8 9. f4 h6 10. Nf3 Bg4 11. h3 Bxf3 12. Rxf3 exf4 13. Bxf4 Nd7 14. d4 f5 15. exf5 Rxf5 16. Bc2 Rf8 17. Qd3 Nf6 18. Bxh6 Rf7 19. Bg5 Qg8 20. Nd2 Raf8 21. Raf1 d5 22. Qg6 Qh7 23. Qxh7+ Nxh7 24. Rxf7 Rxf7 25. Rxf7 Nxg5 26. Rf5 g6 27. Rxd5 Kg7 28. Rd7 Kf6 29. Rxc7 Nd8 30. Ne4+ Nxe4 31. Bxe4 1-0


[Site "https://www.chess.com"]

[Event "Titled Tuesday Blitz February 07 Late 2023"]
[White "Becerra, Juan David"]
[Black "Salimova, Nurgyul"]
[WhiteFideId "4404998"]
[BlackFideId "2915138"]
[WhiteElo "2382"]
[BlackElo "2391"]
[Result "1-0"]
[Round "08"]
[TimeControl "180+2"]
[Date "2023.02.07"]
[WhiteClock "0:00:32"]
[BlackClock "0:00:01"]

1. e4 c6 2. c4 d5 3. cxd5 cxd5 4. exd5 Nf6 5. Qa4+ Nbd7 6. Nc3 g6 7. Bc4 Bg7 8. d3 O-O 9. Nf3 a6 10. Qa3 Nb6 11. Qb3 Bg4 12. Ne5 Bf5 13. O-O Rc8 14. Re1 Ne8 15. Be3 Nxc4 16. Nxc4 Bxd3 17. Nb6 Rc7 18. Rad1 Bf5 19. Nca4 Bc2 20. Qb4 Bxd1 21. Rxd1 Nd6 22. Bc5 Re8 23. g3 h5 24. Re1 Nf5 25. b3 Bf6 26. h4 Kg7 27. Kg2 e6 28. d6 Rxc5 29. Qxc5 Qxd6 30. Qxd6 Nxd6 31. Rd1 Be7 32. Nc5 Rd8 33. Kf3 Nb5 34. Rxd8 Bxd8 35. Nc4 Nc3 36. Nxb7 Bc7 37. a4 Nd5 38. Nc5 a5 39. Nb7 Nb4 40. Nbxa5 Nc2 41. Nc6 f5 42. a5 e5 43. b4 e4+ 44. Ke2 e3 45. fxe3 1-0


[Site "https://www.chess.com"]

[Event "Titled Tuesday Blitz February 07 Late 2023"]
[White "Zierk, Steven"]
[Black "Adewumi, Tanitoluwa"]
[WhiteFideId "2034255"]
[BlackFideId "30966396"]
[WhiteElo "2488"]
[BlackElo "2283"]
[Result "1-0"]
[Round "08"]
[TimeControl "180+2"]
[Date "2023.02.07"]
[WhiteClock "0:02:14"]
[BlackClock "0:00:20"]

1. e4 c5 2. Nf3 e6 3. d4 cxd4 4. Nxd4 Nc6 5. Nc3 Qc7 6. Be3 a6 7. Qd2 Nf6 8. f3 d6 9. g4 Bd7 10. g5 Nh5 11. f4 Nxd4 12. Bxd4 Be7 13. Be2 Nxf4 14. Qxf4 e5 15. Nd5 Qa5+ 16. Qd2 Qxd2+ 17. Kxd2 exd4 18. Nc7+ Kf8 19. Nxa8 Bd8 20. a4 Ba5+ 21. b4 Bxb4+ 22. Kd3 Ba5 23. Rhb1 Ke7 24. Nb6 Bc6 25. Kxd4 Re8 26. Bc4 Kf8 27. Bd5 1-0


[Site "https://www.chess.com"]

[Event "Titled Tuesday Blitz February 07 Late 2023"]
[White "Kamsky, Gata"]
[Black "Dourerassou, Jonathan"]
[WhiteFideId "2000024"]
[BlackFideId "628050"]
[WhiteElo "2665"]
[BlackElo "2414"]
[Result "0-1"]
[Round "08"]
[TimeControl "180+2"]
[Date "2023.02.07"]
[WhiteClock "0:00:01"]
[BlackClock "0:00:02"]

1. d4 Nf6 2. Bf4 g6 3. c3 Bg7 4. Nf3 O-O 5. Nbd2 d6 6. h3 Nbd7 7. e4 c5 8. d5 a6 9. a4 b6 10. Bd3 Bb7 11. O-O Re8 12. Re1 Qc7 13. Qe2 e6 14. dxe6 Rxe6 15. Bc4 Re7 16. Qd3 Ne5 17. Nxe5 dxe5 18. Bg5 Rd7 19. Qf3 Nh5 20. Nf1 h6 21. Bh4 Nf4 22. Bg3 Kh7 23. Ne3 f5 24. Nd5 Nxd5 25. Bxd5 Bxd5 26. exd5 f4 27. Bh2 c4 28. g3 Rf8 29. gxf4 exf4 30. Rad1 Rf5 31. Re6 Qc5 32. d6 Bf8 33. Bxf4 Rdf7 34. d7 Rxf4 35. Qxf4 Rxf4 36. Re2 Qg5+ 37. Kf1 Qf5 38. d8=Q Qxh3+ 39. Ke1 Rf7 40. Qd5 Rg7 41. Qxc4 Bc5 42. Kd2 Rd7+ 43. Kc1 Rg7 44. Kc2 Qf5+ 45. Kb3 b5 46. axb5 axb5 47. Qd5 Qf8 48. Re6 b4 49. cxb4 Bxb4 50. Rh1 Bc5 0-1


[Site "https://www.chess.com"]

[Event "Titled Tuesday Blitz February 07 Late 2023"]
[White "Yuan, Qingyu"]
[Black "Mgeladze, Tamaz"]
[WhiteFideId "8609772"]
[BlackFideId "13601202"]
[WhiteElo "2373"]
[BlackElo "2388"]
[Result "1-0"]
[Round "08"]
[TimeControl "180+2"]
[Date "2023.02.07"]
[WhiteClock "0:00:10"]
[BlackClock "0:00:38"]

1. e4 c5 2. Nf3 g6 3. c3 Nf6 4. e5 Nd5 5. d4 cxd4 6. Qxd4 Nb6 7. Bf4 Nc6 8. Qe4 d5 9. exd6 Bf5 10. Qe2 Nd5 11. Be5 Nxe5 12. Qxe5 Nf6 13. Bb5+ Bd7 14. O-O Bxb5 15. Qxb5+ Qd7 16. Na3 O-O-O 17. Ne5 Qe8 18. Qc4+ Kb8 19. Qc7+ Ka8 20. d7 Nxd7 21. Rad1 e6 22. Rxd7 Rxd7 23. Nxd7 Bxa3 24. bxa3 Qc8 25. Qxc8+ Rxc8 26. Rc1 Rc4 27. Kf1 Ra4 28. Ne5 f6 29. Nf3 Rxa3 30. Rc2 e5 31. h4 a5 32. Ke2 Ka7 33. Nd2 Ra4 34. c4 Rb4 35. Ne4 f5 36. Nc5 Rb6 37. f3 Rc6 38. Nd3 e4 39. fxe4 fxe4 40. Nf4 h6 41. Ke3 g5 42. hxg5 hxg5 43. Nh3 g4 44. Nf2 g3 45. Nxe4 Re6 46. Kf3 a4 47. Nxg3 Ka6 48. Ne4 Ka5 49. Rb2 b6 50. Rb5+ Ka6 51. g4 Re8 52. g5 Rf8+ 53. Ke3 Rc8 54. Rb4 Rg8 55. Rxa4+ Kb7 56. Rb4 Rh8 57. Rb5 Rh3+ 58. Kf4 Rh1 59. Kf5 Rf1+ 60. Ke6 Rg1 61. Re5 Re1 62. Nd6+ Kc6 63. Rxe1 b5 64. g6 b4 65. g7 b3 66. axb3 Kc5 67. g8=Q Kb4 68. Qg7 Ka3 69. c5 Kb4 70. c6 Ka3 71. c7 Kb4 72. c8=Q Ka3 73. Qgc3 Ka2 74. Qa6# 1-0


[Site "https://www.chess.com"]

[Event "Titled Tuesday Blitz February 07 Late 2023"]
[White "Fiorito, Joaquin"]
[Black "Stoyanov, Tsvetan"]
[WhiteFideId "180173"]
[BlackFideId "2917173"]
[WhiteElo "2405"]
[BlackElo "2454"]
[Result "0-1"]
[Round "08"]
[TimeControl "180+2"]
[Date "2023.02.07"]
[WhiteClock "0:00:01"]
[BlackClock "0:00:03"]

1. d4 d5 2. Nc3 c6 3. Bf4 Bf5 4. e3 Nd7 5. f3 Ngf6 6. g4 Bg6 7. h4 h6 8. Qd2 e6 9. Nh3 Be7 10. Bg3 a5 11. Nf4 Bh7 12. g5 Ng8 13. g6 Bxg6 14. Nxg6 fxg6 15. Bd3 Nf8 16. Ne2 g5 17. hxg5 Bxg5 18. Be5 Bf6 19. f4 Qb6 20. O-O-O O-O-O 21. Rdg1 Nd7 22. Ng3 Nxe5 23. dxe5 Be7 24. Nh5 g5 25. Ng7 c5 26. fxg5 c4 27. Be2 Bc5 28. Rg3 d4 29. Bxc4 dxe3 30. Qc3 Bd4 31. Qa3 Bxe5 32. Nxe6 Bxg3 33. Nxd8 Qxd8 34. Qxe3 Bc7 35. gxh6 Kb8 36. a3 Qf6 37. Qe8+ Qd8 38. Qe3 Qf6 39. Qe8+ Ka7 40. Bxg8 Qg5+ 41. Kb1 Rxg8 42. Qd7 Qe5 43. h7 Rh8 44. Rd1 Bb6 45. Rf1 Qh5 46. Rf7 Qh1+ 47. Ka2 Qg2 48. Rg7 Qh1 49. c4 Qe4 50. Kb3 a4+ 51. Ka2 Qxc4+ 52. Kb1 Qf1+ 53. Ka2 Qc4+ 54. Kb1 Qe4+ 55. Ka1 Rf8 56. Qd1 Bd4 57. Qxa4+ Kb8 58. Ka2 Qe6+ 0-1


[Site "https://www.chess.com"]

[Event "Titled Tuesday Blitz February 07 Late 2023"]
[White "Gutenev, Alexander"]
[Black "Rustemov, Alexander"]
[WhiteFideId "4195540"]
[BlackFideId "4119002"]
[WhiteElo "2455"]
[BlackElo "2525"]
[Result "1-0"]
[Round "08"]
[TimeControl "180+2"]
[Date "2023.02.07"]
[WhiteClock "0:00:16"]
[BlackClock "0:00:03"]

1. e4 e6 2. d4 d5 3. Nc3 dxe4 4. Nxe4 Bd7 5. Nf3 Bc6 6. Bd3 Nd7 7. Qe2 Ngf6 8. Ng3 Bxf3 9. Qxf3 c6 10. O-O Be7 11. b3 O-O 12. Bb2 Qa5 13. a3 Qg5 14. h3 Bd6 15. Rfe1 Qf4 16. Qe2 Rfe8 17. Rad1 Rad8 18. c4 Qh4 19. Qf3 Qf4 20. Qe2 Qh4 21. Qf3 g6 22. Ne4 Nxe4 23. Rxe4 Qe7 24. b4 Qf6 25. Qe2 Qg5 26. Rg4 Qh5 27. Qd2 Nf6 28. Rg5 Qh4 29. Ra5 a6 30. Qe2 Nd7 31. b5 Bc7 32. Ra4 cxb5 33. cxb5 a5 34. Rc4 Bd6 35. d5 Qe7 36. dxe6 fxe6 37. Rg4 Nf6 38. Rg5 Bf4 39. h4 Bxg5 40. hxg5 Nh5 41. Qe5 Ng7 42. Bc2 Rxd1+ 43. Bxd1 Rd8 44. Bb3 b6 45. Bxe6+ Kh8 46. f4 Re8 47. g4 Qf8 48. f5 gxf5 49. gxf5 Qe7 50. Qf6 Qxf6 51. Bxf6 Rf8 52. Kg2 Rxf6 53. gxf6 Nh5 54. f7 Kg7 55. Kf3 Nf6 56. Kf4 h5 57. Kg5 h4 58. Kxh4 Ne4 59. Kg4 Nc3 60. Bc4 Nb1 61. a4 Nd2 62. Bd3 Nb3 63. Bc2 Nc5 64. Kf4 Kxf7 65. Ke5 Ke7 66. Kd5 Kd7 67. f6 Kc7 68. f7 Nd7 69. Bf5 Nf8 70. Ke5 Kd8 71. Kd6 Nd7 72. Be4 Nf8 73. Bd5 Nd7 74. Be4 Nf8 75. Kc6 Nd7 76. Bd5 Ke7 77. Kc7 Nc5 78. Kxb6 Nxa4+ 79. Kxa5 Nc3 80. Bc4 Ne4 81. b6 Nd6 82. Bd5 Kd7 83. Ka6 Ke7 84. b7 Nxb7 85. Kxb7 Kf8 86. Kc6 Ke7 87. Kc5 Kf8 88. Kd6 1-0


[Site "https://www.chess.com"]

[Event "Titled Tuesday Blitz February 07 Late 2023"]
[White "Korchmar, Vasiliy"]
[Black "Ramirez, Alejandro"]
[WhiteFideId "24131750"]
[BlackFideId "6500617"]
[WhiteElo "2438"]
[BlackElo "2572"]
[Result "0-1"]
[Round "08"]
[TimeControl "180+2"]
[Date "2023.02.07"]
[WhiteClock "0:00:01"]
[BlackClock "0:01:03"]

1. e4 c5 2. Nf3 e6 3. g3 Nc6 4. Bg2 Nf6 5. Qe2 e5 6. O-O d6 7. d3 g6 8. Nc3 h6 9. Nd2 Bg7 10. Nc4 O-O 11. h3 Nd4 12. Qd1 b5 13. Ne3 b4 14. Ncd5 Nxd5 15. Nxd5 Be6 16. c3 Nc6 17. Bd2 Rb8 18. f4 bxc3 19. bxc3 exf4 20. gxf4 Bxd5 21. exd5 Ne7 22. Qa4 Rb2 23. Rad1 Nf5 24. Qxa7 Qh4 25. Be1 Qh5 26. Rd2 Bxc3 27. Rxb2 Bxb2 28. Qd7 Ne3 29. Bf3 Qf5 30. Qxf5 Nxf5 31. a4 Ra8 32. a5 Nd4 33. Bd1 Ba3 34. Bc3 Nb5 35. Bf6 Rxa5 36. Re1 Ra8 37. Re7 Bb4 38. Rb7 Bc3 39. Rxb5 Bxf6 40. Bf3 Ra2 41. Rb6 Bd4+ 42. Kh1 Rf2 43. Bg2 Rxf4 44. Rxd6 Kf8 45. Rc6 Ke7 46. Rc7+ Kd6 47. Rc6+ Ke5 48. d6 Ke6 49. Ra6 Rf2 50. Bb7 Kd7 51. Bd5 Be5 52. Bc4 Bxd6 53. Bb5+ Ke7 54. Ra7+ Kf8 55. Bc4 Be5 56. Kg1 Bd4 57. Kh1 Kg7 58. Rd7 g5 59. Bd5 h5 60. Bc4 g4 61. hxg4 hxg4 62. Rd5 Kg6 63. Rd8 f5 64. Rg8+ Kh5 65. Bf7+ Kh4 0-1


[Site "https://www.chess.com"]

[Event "Titled Tuesday Blitz February 07 Late 2023"]
[White "Riehle, Marco"]
[Black "Klose, Eli"]
[WhiteFideId "12904392"]
[BlackFideId "16242955"]
[WhiteElo "2368"]
[BlackElo "1519"]
[Result "1/2-1/2"]
[Round "08"]
[TimeControl "180+2"]
[Date "2023.02.07"]
[WhiteClock "0:00:08"]
[BlackClock "0:00:15"]

1. e4 e6 2. c4 d5 3. cxd5 exd5 4. Qb3 Nf6 5. e5 Ne4 6. Nc3 Nxc3 7. bxc3 Be7 8. d4 b6 9. f4 O-O 10. Nf3 Bf5 11. Be2 c5 12. O-O Nc6 13. Ba3 Be4 14. Rad1 Rc8 15. Nd2 cxd4 16. Nxe4 Bxa3 17. Qxa3 dxe4 18. cxd4 Qd5 19. Ba6 Rc7 20. f5 Nxd4 21. f6 Qxe5 22. fxg7 Kxg7 23. Kh1 Ne6 24. Be2 a5 25. Bg4 f5 26. Bh3 Ng5 27. Qb3 Nxh3 28. Qxh3 e3 29. Rfe1 Re7 30. Qh4 f4 31. Qg4+ Kh8 32. h3 Qe4 33. Rd6 Rg8 34. Qe2 Rg3 35. Rd8+ Kg7 36. Kh2 Re6 37. Rd7+ Kh6 38. Red1 Reg6 39. Rxh7+ Kxh7 40. Qh5+ Kg8 41. Rd8+ Kg7 42. Qh8+ Kf7 43. Qh7+ Kf6 44. Rd6+ Ke5 45. Qe7+ Kf5 46. Qf7+ Kg5 47. h4+ Kxh4 48. Qh7+ Kg5 49. Rxg6+ Qxg6 50. Qe7+ Kf5 51. Qd7+ Kg5 52. Qe7+ Kh6 53. Qf8+ Kh7 54. Qe7+ Qg7 55. Qe4+ Kh8 56. Qe8+ Qg8 57. Qe5+ Rg7 58. Kg1 e2 59. Qh5+ Qh7 60. Qe8+ Rg8 61. Qe5+ Qg7 62. Qh5+ Qh7 63. Qe5+ Rg7 64. Qe8+ Qg8 65. Qh5+ Rh7 66. Qe5+ Qg7 67. Qe8+ Qg8 68. Qe5+ Rg7 69. Qh5+ 1/2-1/2


[Site "https://www.chess.com"]

[Event "Titled Tuesday Blitz February 07 Late 2023"]
[White "Koellner, Ruben Gideon"]
[Black "Yanchenko, Roman"]
[WhiteFideId "12993093"]
[BlackFideId "4137329"]
[WhiteElo "2426"]
[BlackElo "2466"]
[Result "0-1"]
[Round "08"]
[TimeControl "180+2"]
[Date "2023.02.07"]
[WhiteClock "0:00:01"]
[BlackClock "0:00:10"]

1. d4 d5 2. Nf3 Bf5 3. e3 e6 4. Nbd2 Nf6 5. Ne5 Nbd7 6. g4 Nxe5 7. gxf5 Ned7 8. fxe6 fxe6 9. Bh3 Qe7 10. f4 Qf7 11. Qf3 Bd6 12. Rg1 c6 13. e4 Bf8 14. e5 Nh5 15. f5 exf5 16. Qxf5 Qxf5 17. Bxf5 g6 18. Bg4 Be7 19. Bxh5 gxh5 20. Nf3 Nf8 21. Bg5 Ne6 22. Be3 Kd7 23. Ke2 Raf8 24. c3 Rfg8 25. Rxg8 Rxg8 26. Rg1 Rg4 27. h3 Rg6 28. Kf2 Ng7 29. Bg5 Ne6 30. Bxe7 Kxe7 31. Rh1 Rg8 32. Rh2 a5 33. b3 b5 34. Rg2 Rg6 35. Nh4 Rxg2+ 36. Nxg2 Kf7 37. Ke3 Ng5 38. h4 Ne4 39. c4 Nc3 40. cxd5 Nxd5+ 41. Ke4 Nc3+ 42. Kf5 Nxa2 43. Nf4 Nb4 44. Ne2 a4 45. bxa4 bxa4 46. Nc1 a3 47. Nb3 a2 48. Na1 Nd5 49. Nc2 Ne3+ 50. Nxe3 a1=Q 0-1


[Site "https://www.chess.com"]